AoeStats
← Mr. Penis

Arena

506381691Analyzed
4v4 RM · 18d ago on Sep 13, 2026· 45m 59s· 8 players
Game mode
Random Map
Map size
Large (8 player)
Population
200
Speed
Normal
Resources
Standard
Victory
Conquest
Starting age
Dark Age
Ending age
Imperial Age
RankedLock teamsTeams togetherTeam positionsShared explorationLock speedFull tech treeHidden civsTurbo modeCheats
Victory
Defeat
🇮🇳 Aztecs · India
1344
+17
🇻🇳 Italians · Vietnam
1318
+18
🇷🇺 Jurchens · Russia
1292
+19
🇻🇳 Lithuanians · Vietnam
1278
+20
🇨🇳 Teutons · China
1399
-20
🇨🇳 Franks · China
1377
-19
🇨🇳 Bohemians · China
1350
-18
🇦🇷 Britons · Argentina
1337
-17
理唐王
10:30 Feudal Age
11:04 Loom
14:38 Castle Age
12:51 Double-Bit Axe
13:16 Horse Collar
15:51 Bow Saw
16:25 Heavy Plow
21:21 Wheelbarrow
21:25 Stone Mining
21:57 Gold Mining
22:08 Town Watch
24:44 Stone Shaft Mining
25:58 Hand Cart
26:06 Hand Cart
26:06 Forging
29:53 Imperial Age
27:46 Scale Mail Armor
27:51 Squires
27:36 Arson
27:37 Gambesons
28:19 Fortified Wall
28:55 Iron Casting
27:50 Man-at-Arms
28:36 Pikeman
29:33 Chain Mail Armor
30:02 Ironclad
29:47 Fletching
30:43 Masonry
31:49 Chemistry
31:01 Masonry
31:25 Plate Mail Armor
31:25 Bodkin Arrow
32:31 Blast Furnace
31:54 Conscription
32:43 Crenellations
33:54 Two-Man Saw
33:38 Scale Barding Armor
34:04 Ballistics
34:16 Heavy Scorpion
35:37 Hoardings
35:22 Siege Engineers
34:46 Elite Teutonic Knight
36:41 Bloodlines
38:20 Guilds
39:01 Coinage
39:05 Crop Rotation
40:38 Banking
39:43 Onager
39:57 Halberdier
779567130
10:57 Feudal Age
15:10 Castle Age
13:11 Double-Bit Axe
13:28 Horse Collar
18:58 Bow Saw
19:39 Heavy Plow
20:31 Stone Mining
26:53 Imperial Age
24:11 Loom
24:33 Gold Mining
24:35 Treadmill Crane
25:49 Wheelbarrow
25:00 Town Watch
25:20 Fletching
26:15 Bodkin Arrow
26:21 Padded Archer Armor
26:46 Ballistics
28:37 Chemistry
27:40 Bracer
27:56 Leather Archer Armor
28:20 Conscription
28:44 Elite Longbowman
30:57 Siege Engineers
31:53 Hand Cart
31:41 Warwolf
32:14 Ring Archer Armor
36:21 Yeomen
37:07 Crossbowman
38:13 Arbalester
很蓝的啦
9:54 Feudal Age
11:19 Loom
14:45 Castle Age
13:17 Double-Bit Axe
13:58 Stone Mining
15:58 Bow Saw
16:04 Gold Mining
23:49 Gold Shaft Mining
26:16 Wheelbarrow
25:26 Town Watch
26:53 Light Cavalry
27:32 Town Watch
27:59 Light Cavalry
31:55 Imperial Age
29:31 Husbandry
29:43 Forging
29:39 Scale Barding Armor
30:15 Hand Cart
30:00 Town Patrol
30:58 Scale Barding Armor
31:54 Iron Casting
31:52 Ballistics
31:45 Masonry
33:26 Conscription
35:25 Blast Furnace
34:46 Chain Barding Armor
33:58 Cavalier
35:54 Conscription
37:47 Plate Barding Armor
37:44 Scale Mail Armor
39:35 Chain Mail Armor
40:53 Plate Mail Armor
烤乳猪
9:49 Feudal Age
13:36 Castle Age
12:14 Double-Bit Axe
14:41 Bow Saw
19:21 Horse Collar
19:54 Loom
23:47 Wheelbarrow
27:54 Imperial Age
26:04 Town Watch
27:46 Chemistry
27:01 Fortified Wall
28:21 Ballistics
28:33 Fletching
29:16 Conscription
31:55 Hand Cart
32:45 Two-Man Saw
Mr. Penis
11:12 Feudal Age
15:11 Castle Age
13:17 Double-Bit Axe
13:17 Horse Collar
16:57 Bow Saw
19:10 Fervor
20:54 Heavy Plow
22:41 Sanctity
22:57 Gold Mining
23:46 Stone Mining
26:11 Wheelbarrow
26:30 Loom
26:31 Town Watch
27:52 Hand Cart
27:37 Town Patrol
31:12 Imperial Age
29:31 Gold Shaft Mining
29:31 Stone Shaft Mining
29:53 Treadmill Crane
30:24 Fortified Wall
30:27 Masonry
31:32 Scale Barding Armor
31:38 Forging
31:36 Siege Engineers
31:51 Ballistics
31:56 Bloodlines
32:41 Husbandry
32:35 Elite Steppe Lancer
34:02 Crop Rotation
34:32 Two-Man Saw
34:49 Chemistry
34:11 Chain Barding Armor
34:27 Iron Casting
34:31 Block Printing
34:42 Illumination
34:58 Conscription
35:35 Herbal Medicine
36:38 Hoardings
36:39 Architecture
41:54 Sappers
43:33 Guilds
44:00 Plate Barding Armor
43:16 Fletching
44:45 Fortified Bastions
23
10:02 Feudal Age
13:41 Castle Age
11:51 Double-Bit Axe
12:14 Horse Collar
15:04 Bow Saw
20:04 Gold Mining
23:05 Wheelbarrow
26:10 Imperial Age
23:41 Stone Mining
24:06 Fletching
24:49 Hand Cart
25:05 Bodkin Arrow
25:22 Town Watch
25:57 Padded Archer Armor
26:23 Ballistics
26:22 Elite Skirmisher
27:03 Bracer
28:05 Chemistry
28:07 Leather Archer Armor
28:41 Atlatl
30:05 Loom
30:52 Scale Mail Armor
31:02 Forging
30:53 Squires
31:20 Siege Engineers
31:00 Pikeman
32:15 Conscription
37:39 Chain Mail Armor
37:59 Iron Casting
36:58 Eagle Warrior
39:28 Plate Mail Armor
42:19 Heavy Plow
42:40 Garland Wars
42:10 Arson
44:30 Blast Furnace
42:51 Elite Eagle Warrior
44:30 Elite Jaguar Warrior
mryendl2410
12:15 Feudal Age
11:12 Loom
13:21 Double-Bit Axe
13:34 Horse Collar
16:03 Castle Age
14:43 Gold Mining
22:32 Imperial Age
21:26 Fletching
26:29 Bodkin Arrow
28:31 Bracer
31:43 Padded Archer Armor
33:35 Leather Archer Armor
33:43 Ballistics
37:08 Chemistry
38:59 Wheelbarrow
39:58 Ring Archer Armor
42:42 Thumb Ring
43:16 Bow Saw
45:32 Elite Genoese Crossbowman
piecardinap
12:52 Feudal Age
13:38 Double-Bit Axe
13:34 Horse Collar
16:20 Castle Age
15:12 Gold Mining
19:08 Loom
20:00 Wheelbarrow
22:27 Heavy Plow
22:38 Bow Saw
24:46 Bloodlines
24:57 Scale Barding Armor
28:06 Chain Barding Armor
28:39 Forging
32:05 Imperial Age
31:55 Stone Mining
32:17 Cavalier
33:49 Paladin
34:32 Husbandry
35:25 Plate Barding Armor
37:13 Conscription
41:32 Iron Casting
Connection lost

Rejoining the realm…

Still unreachable

The connection could not be restored.

Session expired

The server has moved on; the page needs a fresh start.